 Dungeon Crawl Stone Soup version 0.25-a0-287-g56a5b49892 (webtiles) character file.

Game seed: 6147888792504857473, levelgen mode: deterministic

4416 MoonlitKnight the Grappler (level 10, -7/86 HPs)
             Began as a Purple Draconian Transmuter on Dec 12, 2019.
             Was a Priest of Makhleb.
             Mangled by a hornet (17 damage)
             ... on level 8 of the Dungeon.
             The game lasted 00:37:55 (11069 turns).

MoonlitKnight the Grappler (DrTm)                  Turns: 11069, Time: 00:37:56

Health: -7/86      AC:  2    Str: 14    XL:     10   Next: 14%
Magic:  15/19      EV: 20    Int: 15    God:    Makhleb [***...]
Gold:   406        SH:  0    Dex: 17    Spells: 8/21 levels left

rFire    . . .     SeeInvis .     - Unarmed
rCold    . . .     Gourm    .   (shield currently unavailable)
rNeg     . . .     Faith    .   (armour unavailable)
rPois    x         Spirit   .   (helmet currently unavailable)
rElec    .         Reflect  .   (cloak currently unavailable)
rCorr    .         Harm     .   (gloves currently unavailable)
MR       +....                  (boots currently unavailable)
Stlth    ++........             (no amulet)
HPRegen  0.24/turn              (no ring)
MPRegen  0.16/turn              (no ring)

@: lethally poisoned (-7 -> -19), about to teleport, spider-form, drained
A: tiny, (breathe power), unfitting armour, AC +7
a: End Transformation, Minor Destruction, Lesser Servant of Makhleb, Renounce
Religion


You were on level 8 of the Dungeon.
You worshipped Makhleb.
Makhleb was most pleased with you.
You were hungry.
You were a venomous arachnid creature.
You visited 2 branches of the dungeon, and saw 9 of its levels.
You also visited: Ossuary.

You collected 406 gold pieces.

Inventory:

Hand Weapons
 b - a +0 hunting sling of flaming
 y - a +0 hunting sling
Missiles
 a - 115 arrows
 n - 83 sling bullets
 v - 51 poisoned darts (quivered)
Armour
 p - a +1 buckler (melded)
 B - a +0 pair of boots (melded)
 M - a +0 pair of gloves (melded)
Jewellery
 x - a cursed -3 ring of intelligence {unknown}
 I - an uncursed ring of fire {unknown}
 L - an uncursed ring of flight {unknown}
Wands
 g - a wand of flame (16)
 w - a wand of polymorph (9)
 A - a wand of enslavement (6)
Scrolls
 d - a scroll of blinking {unknown}
 e - 6 scrolls of remove curse
 f - 2 scrolls of enchant armour
 i - 4 scrolls of magic mapping
 j - a scroll of immolation
 m - a scroll of teleportation
 o - 3 scrolls of amnesia
 q - 2 scrolls of fog {unknown}
 r - 2 scrolls of fear
 C - 2 scrolls of enchant weapon {unknown}
 E - 3 scrolls of identify
 G - a scroll of vulnerability {unknown}
Potions
 h - 3 potions of heal wounds
 k - 2 potions of berserk rage {unknown}
 l - 2 potions of haste
 s - 3 potions of curing
 t - 3 potions of degeneration {unknown}
 u - 3 potions of resistance
 z - 2 potions of mutation {unknown}
 D - 3 potions of agility {unknown}
 F - a potion of lignification {unknown}
 H - a potion of flight {unknown}
 K - a potion of cancellation {unknown}
Comestibles
 c - 21 rations


   Skills:
 + Level 7.6(6.8) Fighting
 - Level 3.3(2.7) Dodging
 - Level 4.0(3.3) Shields
 + Level 8.7(8.0) Unarmed Combat
 - Level 6.1(5.3) Spellcasting
 - Level 4.0(3.3) Transmutations
 + Level 3.5(2.8) Fire Magic
 + Level 3.5(2.8) Ice Magic
 - Level 2.6(2.0) Poison Magic


You had 8 spell levels left.
You knew the following spells:

 Your Spells              Type           Power        Failure   Level  Hunger
a - Beastly Appendage     Tmut           ##....       13%         1    None
b - Sticks to Snakes      Tmut           ##......     17%         2    #......
c - Spider Form           Tmut/Pois      ##........   34%         3    ###....
d - Ice Form              Ice/Tmut       ##......     63%         4    ####...
e - Conjure Flame         Conj/Fire      #.......     47%         3    ###....

Your spell library contained the following spells:

 Spells                   Type           Power        Failure   Level  Hunger
 Magic Dart               Conj           #...         34%         1    None
 Blink                    Tloc           N/A          45%         2    #......
 Call Imp                 Summ           #.......     45%         2    #......
 Slow                     Hex            #.......     45%         2    #......
 Mephitic Cloud           Conj/Pois/Air  #.......     56%         3    ###....
 Blade Hands              Tmut           ##........   88%         5    ######.


Dungeon Overview and Level Annotations

Branches:
Dungeon (8/15)             Temple (1/1) D:4         Ossuary (visited)
   Lair: D:8-11

Altars:
Ashenzari
Cheibriados
Dithmenos
Elyvilon
Fedhas
Gozag
Hepliaklqana
Kikubaaqudgha
Makhleb
Okawaru
Qazlal
Ru
Sif Muna
Trog
Uskayaw
Vehumet
Wu Jian
Yredelemnul
Zin
The Shining One

Shops:
D:8 *

Annotations:
D:4 1 runed translucent door, Crazy Yiuf


Innate Abilities, Weirdness & Mutations

((You can breathe bolts of dispelling energy.))
((Your rich purple scales are hard. (AC +7)))
You cannot fit into any form of body armour.
((You are cold-blooded and may be slowed by cold attacks.))


Message History

You are poisoned.
You feel yourself slow down.
The wight hits you from afar with a +4 halberd.
* * * LOW HITPOINT WARNING * * *
You feel drained.
* * * LOW HITPOINT WARNING * * *
Your ball python bites the hornet.
Your ball python constricts the hornet.
Casting: Spider Form (safe; 34% risk of failure)
Confirm with . or Enter, or press ? or * to list all spells.
The spell is very dangerous to cast (63% risk of failure)!
Continue anyway? [Y]es or [N]o only, please.
The spell is very dangerous to cast (63% risk of failure)!
Continue anyway?
Okay, then.
As you read the scroll of teleportation, it crumbles to dust.
You feel strangely unstable.
You feel yourself speed up.
* * * LOW HITPOINT WARNING * * *
You feel very sick. The hornet stings you!
You die...

..#.#. ############## ......
.............######..#.#
.......................
.....................############
.................................
#####....#...........# #....[...
#....#......sS...# #........
#####....#....###y#######........
..............'.)Kzo).o.).(......
.........#....###.#######........
.........#....# #..# #........
.........###### ##.# #........
###......# .# ......... #...####
.. .......... #...# ...
..........


You could see a hornet, a wight, an orc, a kobold and a friendly ball python.

Vanquished Creatures
  A hornet (D:8)
  A yak (D:7)
  3 hogs (D:7)
  A human (D:7)
  Edmund (D:4)
  2 sky beasts (D:6)
  2 orc warriors
  5 ogres
  5 phantoms
  A centaur (D:7)
  Blork the orc (D:4)
  2 bullfrogs
  2 water moccasin skeletons (D:5)
  A wyvern skeleton (D:6)
  8 scorpions
  3 wights (D:8)
  A howler monkey (D:4)
  A bullfrog zombie (D:5)
  A centaur zombie (Ossuary)
  3 crimson imps
  3 hounds
  A jelly (D:6)
  A human zombie (Ossuary)
  6 orc priests
  A bullfrog skeleton (D:5)
  An iguana (D:6)
  4 orc wizards
  3 worker ants
  2 big kobold zombies (Ossuary)
  A hound zombie (D:5)
  A hound skeleton (D:7)
  4 mummies
  3 gnolls (D:6)
  5 scorpion zombies (Ossuary)
  11 adders
  A shadow imp (D:6)
  2 oozes
  An adder zombie (D:5)
  6 worms
  7 dart slugs
  8 leopard geckos
  27 orcs
  4 ball pythons
  5 giant cockroaches
  3 gnoll zombies (Ossuary)
  11 goblins
  18 hobgoblins
  12 jackals
  5 quokkas
  5 bats
  8 frilled lizards
  A giant cockroach zombie (D:5)
  3 goblin zombies (Ossuary)
  A hobgoblin zombie (Ossuary)
  A jackal skeleton (D:7)
  A jackal zombie (D:5)
  16 kobolds
  3 kobold zombies
  2 quokka skeletons (D:6)
  13 rats
256 creatures vanquished.

Vanquished Creatures (collateral kills)
  A scorpion (Ossuary)
  An orc wizard (D:8)
  2 orcs
  A kobold zombie (Ossuary)
5 creatures vanquished.

Grand Total: 261 creatures vanquished

Notes
Turn   | Place    | Note
-------+----------+-------------------------------------------
     0 | D:1      | MoonlitKnight the Draconian Transmuter began the quest for
                  | the Orb.
     0 | D:1      | Reached XP level 1. HP: 16/16 MP: 3/3
   406 | D:1      | Reached XP level 2. HP: 23/23 MP: 3/5
   665 | D:1      | Learned a level 2 spell: Sticks to Snakes
   915 | D:1      | Reached XP level 3. HP: 23/29 MP: 4/6
  1683 | D:2      | Reached XP level 4. HP: 33/36 MP: 5/7
  1693 | D:2      | Learned a level 3 spell: Spider Form
  2099 | D:2      | Found a shimmering blue altar of Sif Muna.
  2794 | D:3      | Reached skill level 4 in Unarmed Combat
  2865 | D:3      | Reached XP level 5. HP: 41/41 MP: 6/8
  2877 | D:3      | Reached skill level 1 in Shields
  2891 | D:3      | HP: 1/41 [orc priest/+0 hand axe (3)]
  3291 | D:3      | Found a glowing silver altar of Zin.
  3595 | D:4      | Noticed Edmund
  3596 | D:4      | Noticed a phantom
  3617 | D:4      | Killed Edmund
  3617 | D:4      | Reached skill level 1 in Poison Magic
  3617 | D:4      | Reached XP level 6. HP: 27/48 MP: 3/9
  3982 | D:4      | Found a hide-covered altar of Uskayaw.
  4028 | D:4      | Reached skill level 5 in Unarmed Combat
  4137 | D:4      | Found a staircase to the Ecumenical Temple.
  4146 | Temple   | Entered the Ecumenical Temple
  4349 | Temple   | Became a worshipper of Makhleb the Destroyer
  4406 | D:4      | Noticed Blork the orc
  4425 | D:4      | Killed Blork the orc
  4425 | D:4      | Your scales start taking on a rich purple colour.
  4425 | D:4      | Reached XP level 7. HP: 20/55 MP: 2/10
  4693 | D:4      | Learned a level 4 spell: Ice Form
  4936 | D:4      | Found a runed translucent door.
  4937 | D:4      | Noticed Crazy Yiuf
  5501 | D:5      | Entered Level 5 of the Dungeon
  6175 | D:5      | Reached * piety under Makhleb
  6285 | D:5      | Found a hazy altar of Hepliaklqana.
  6339 | D:5      | Reached XP level 8. HP: 52/63 MP: 13/13
  6434 | D:5      | Reached skill level 6 in Unarmed Combat
  7306 | D:6      | Reached skill level 5 in Spellcasting
  7777 | D:6      | Reached ** piety under Makhleb
  8109 | D:6      | Reached skill level 5 in Fighting
  8252 | D:7      | Reached skill level 7 in Unarmed Combat
  8293 | D:7      | Found a sand-covered staircase.
  8304 | Ossuary  | Entered an ossuary
  8709 | Ossuary  | Reached XP level 9. HP: 74/74 MP: 15/17
  9022 | Ossuary  | Reached *** piety under Makhleb
  9159 | D:7      | Learned a level 3 spell: Conjure Flame
  9215 | D:7      | Found a white marble altar of Elyvilon.
  9591 | D:7      | Reached skill level 1 in Fire Magic
  9612 | D:7      | Reached skill level 1 in Ice Magic
  9656 | D:7      | Reached skill level 8 in Unarmed Combat
 10163 | D:8      | Found Siept's General Store.
 10233 | D:8      | Reached XP level 10. HP: 11/86 MP: 13/19
 11069 | D:8      | Mangled by a hornet

Levels and vault maps discovered:
D:1:      dpeg_arrival_tiny_a, layout_loops_cross
D:2:      layout_loops_ring, lemuel_blue_sif_altar, first_ration
D:3:      layout_basic, zin_academy
D:4:      minmay_wonky_spiral, layout_basic, eat_drink_and_be_merry_uskayaw,
          minmay_temple_entry_poolview, serial_bayou_lake_a, uniq_edmund,
          uniq_crazy_yiuf_cottage, uniq_blork_the_orc
D:5:      layout_loops_ring, marbit_many_paths, portal_sewer_entry_e
D:6:      corexii_shantytown, layout_basic, minmay_hedge_maze
D:7:      layout_basic, old_standard_altar, nicolae_ossuary_entry_giza,
          grunt_livestock, chequers_garden
D:8:      layout_basic, nemelex_altar_shiori, serial_shops, shop, serial_glass,
          glass_columns_b, glass_columns_a, glass_columns_a, glass_columns_a,
          glass_columns_c, glass_columns_c
Temple:   regret_index_temple_generic_petals

Skill      XL: |  1  2  3  4  5  6  7  8  9 |
---------------+----------------------------+-----
Dodging        | 2 3 |  3.3
Fighting       | 2 3 5 7 |  7.6
Unarmed Combat | 4 5 7 8 |  8.7
Shields        | 2 3 4 |  4.0
Transmutations | 3 4 |  4.0
Poison Magic   | 1 2 |  2.6
Spellcasting   | 3 5 6 |  6.1
Fire Magic     | 3 |  3.5
Ice Magic      | 3 |  3.5

Action                   |  1- 3 |  4- 6 |  7- 9 | 10-12 || total
-------------------------+-------+-------+-------+-------++-------
Melee: Unarmed           |   115 |   211 |   668 |    55 ||  1049
       Headbutt          |     5 |    12 |    19 |       ||    36
       Tailslap          |    10 |    28 |    62 |     5 ||   105
       Punch             |     4 |       |       |       ||     4
       Kick              |     7 |    16 |    24 |       ||    47
 Fire: Hunting sling     |       |     8 |     9 |     5 ||    22
Throw: Dart              |       |       |     3 |       ||     3
 Cast: Beastly Appendage |    20 |    24 |    24 |       ||    68
       Sticks to Snakes  |     1 |     8 |     8 |     2 ||    19
       Spider Form       |       |     3 |    18 |     2 ||    23
       Ice Form          |       |       |     2 |       ||     2
       Conjure Flame     |       |       |       |     3 ||     3
  Use: Scroll            |       |     5 |     6 |     1 ||    12
       Potion            |       |     2 |     2 |       ||     4
 Stab: Sleeping          |       |     1 |     2 |       ||     3
       Distracted        |       |     1 |       |       ||     1
  Eat: Chunk             |     3 |     5 |    13 |     3 ||    24
       Ration            |       |     2 |     2 |       ||     4
Armor: Skin              |    40 |    58 |   109 |    12 ||   219
Dodge: Dodged            |    71 |   119 |   375 |    32 ||   597
Block: Buckler           |       |    37 |   107 |    13 ||   157

Table legend:
 A = Non-vault XP
 B = Vault XP
 C = Vault XP percentage of total XP
 D = Non-vault monster count
 E = Vault monster count
 F = Vault count percentage of total count
                 A         B        C        D         E       F
            +---------+---------+-------+---------+---------+-------
      Total |    4060 |    2249 |  35.6 |     179 |      81 |  31.2
            +---------+---------+-------+---------+---------+-------
        D:1 |      53 |       0 |   0.0 |      24 |       0 |   0.0
        D:2 |      89 |       0 |   0.0 |      25 |       0 |   0.0
        D:3 |     231 |       0 |   0.0 |      35 |       0 |   0.0
        D:4 |     398 |     259 |  39.4 |      16 |       5 |  23.8
        D:5 |     571 |      90 |  13.6 |      24 |       9 |  27.3
        D:6 |     617 |     102 |  14.2 |      14 |      31 |  68.9
        D:7 |     977 |    1013 |  50.9 |      21 |       8 |  27.6
        D:8 |    1124 |       0 |   0.0 |      20 |       0 |   0.0
    Ossuary |       0 |     785 | 100.0 |       0 |      28 | 100.0
            +---------+---------+-------+---------+---------+-------
